 Dungeon Crawl Stone Soup version 0.30-a0-630-g881e3bac89 (webtiles) character file.

Game seed: 3968025916936200550

15231 Bnni the Skirmisher (level 12, 0/86 (94) HPs)
             Began as a Formicid Hexslinger on Jan 13, 2023.
             Was a High Priest of Dithmenos.
             Slain by an ice devil (8 damage)
             ... in an ice cave.
             The game lasted 00:28:30 (13346 turns).

Bnni the Skirmisher (Formicid Hexslinger)          Turns: 13346, Time: 00:28:30

HP:   0/86 (94)     AC:  3    Str: 16    XL:     12   Next: 55%
MP:   9/17          EV: 11    Int: 17    God:    Dithmenos [*****.]
Gold: 627           SH: 17    Dex: 16    Spells: 6/17 levels left

rFire   . . .      SeeInvis +    s - +1 arbalest (flame)
rCold   + . .      Faith    .    P - +1 kite shield {rC+}
rNeg    . . .      Spirit   .    c - +0 robe
rPois   +          Reflect  +    (helmet unavailable)
rElec   .          Harm     .    (no cloak)
rCorr   +          Rampage  +    g - +0 pair of gloves
Will    +....                    (no boots)
Stlth   ++                       F - amulet "Gavyiverphib" {Reflect Rampage rCorr Int+2 SH+5}
HPRegen 0.34/turn                r - +4 ring of slaying
MPRegen 0.15/turn                q - ring of poison resistance

@: wreathed by umbra, drained
A: permanent stasis, dig shafts and tunnels, antennae 3, four strong arms
a: Dig, Renounce Religion, Shadow Step, Shadow Form


You were in an ice cave.
You worshipped Dithmenos.
Dithmenos was extremely pleased with you.
You visited 1 branch of the dungeon, and saw 11 of its levels.
You also visited: Sewer and Ice Cave.

You collected 627 gold pieces.

Inventory:

Hand Weapons
 a - a +1 arbalest of draining
 s - a +1 arbalest of flaming (weapon)
Missiles
 w - 2 curare-tipped darts
 z - 2 throwing nets
 E - 6 boomerangs of dispersal
Armour
 c - a +0 robe (worn)
 g - a +0 pair of gloves (worn)
 O - +0 acid dragon scales
 P - a +1 kite shield of cold resistance (worn)
Jewellery
 j - a ring of resist corrosion
 q - a ring of poison resistance (right hand)
 r - a +4 ring of slaying (left hand)
 x - a ring of flight
 F - the amulet "Gavyiverphib" (around neck) {Reflect Rampage rCorr Int+2 SH+5}
   (You took it off a gnoll sergeant on level 7 of the Dungeon)

   [amulet of reflection]

   It reflects blocked missile attacks.
   Int:       It affects your intelligence (+2).
   rCorr:     It protects you from acid and corrosion.
   SH:        It affects your SH (+5).
   Rampage:   It bestows one free step when moving towards enemies.
Wands
 B - a wand of flame (6)
 H - a wand of mindburst (19)
 J - a wand of charming (6)
Scrolls
 b - 5 scrolls of poison
 d - 2 scrolls of magic mapping {unknown}
 i - 2 scrolls of immolation
 n - a scroll of torment {unknown}
 o - a scroll of brand weapon
 p - 4 scrolls of fear
 t - 3 scrolls of vulnerability
 u - 2 scrolls of enchant armour
 y - 2 scrolls of enchant weapon
 C - a scroll of amnesia {unknown}
 I - a scroll of noise {unknown}
 M - a scroll of silence {unknown}
Potions
 e - 6 potions of curing
 f - a potion of mutation {unknown}
 h - a potion of brilliance {unknown}
 k - a potion of resistance {unknown}
 l - 6 potions of degeneration {unknown}
 m - a potion of attraction {unknown}
 v - 3 potions of flight
 A - a potion of cancellation {unknown}
 D - 2 potions of might {unknown}
 K - 3 potions of lignification {unknown}
 N - a potion of haste {unknown}


   Skills:
 + Level 8.9 Fighting
 * Level 11.6 Ranged Weapons
 - Level 1.7 Dodging
 * Level 9.6 Shields
 - Level 3.0 Spellcasting
 + Level 10.8 Hexes
 - Level 3.0 Translocations
 - Level 3.0 Fire Magic
 + Level 6.9 Invocations


You had 6 spell levels left.
You knew the following spells:

 Your Spells              Type           Power      Damage    Failure   Level
a - Slow                  Hex            100%       N/A       1%          1
b - Inner Flame           Hex/Fire       26%        N/A       5%          3
c - Portal Projectile     Hex/Tloc       52%        N/A       5%          3
d - Cause Fear            Hex            19%        N/A       3%          4

Your spell library contained the following spells:

 Spells                   Type           Power      Damage    Failure   Level
 Ensorcelled Hibernation  Hex/Ice        40%        N/A       5%          2
 Freeze                   Ice            8%         1d3       32%         1
 Kindle Blastsparks       Fire/Tloc/Air  18%        2d11      38%         3
 Ignite Poison            Fire/Tmut/Pois 5%         N/A       54%         3
 Frozen Ramparts          Ice            4%         1d1       67%         3
 Hailstorm                Conj/Ice       2%         3d3       67%         3
 Summon Ice Beast         Ice/Summ       2%         N/A       97%         4
 Freezing Cloud           Conj/Ice/Air   1%         6-21      100%        5
 Ozocubu's Refrigeration  Ice            1%         4d7       100%        7


Dungeon Overview and Level Annotations

Branches:
Dungeon (11/15)            Temple (0/1) D:4            Lair (0/5) D:9
  Sewer (visited)           IceCv (1/1)
    Orc: D:9-12

Altars:
Cheibriados
Dithmenos
Fedhas
Hepliaklqana
Kikubaaqudgha
Makhleb
Okawaru
Qazlal
Ru
Trog
Wu Jian
Xom
Yredelemnul
Zin


Innate Abilities, Weirdness & Mutations

You cannot be hasted, slowed, berserked, paralysed or teleported.
You can dig through walls and to a lower floor.
You have a pair of large antennae on your head. (SInv)
Your four strong arms can wield two-handed weapons with a shield.


Message History

The ice devil struggles against the net.
Fire: s) +1 arbalest (flame)
Press: ? - help, Shift-Dir - straight line, f/p - ice devil
Aim: an ice devil (entangled in a net, umbra, 92% to hit)
You shoot a bolt. The bolt hits the ice devil.
The bolt burns the ice devil.
The ice devil is moderately wounded.
The ice devil struggles against the net.
Fire: s) +1 arbalest (flame)
Press: ? - help, Shift-Dir - straight line, f/p - ice devil
Aim: an ice devil (moderately wounded, entangled in a net, umbra, 92% to hit)
You shoot a bolt. The bolt hits the ice devil.
The bolt burns the ice devil.
The ice devil is moderately wounded.
The ice devil struggles against the net. x2
Fire: s) +1 arbalest (flame)
Press: ? - help, Shift-Dir - straight line, f/p - ice devil
Aim: an ice devil (moderately wounded, entangled in a net, umbra, 92% to hit)
You shoot a bolt.
The bolt completely misses the ice devil.
The ice devil struggles against the net.
The net rips apart, and the ice devil comes free!
Fire: s) +1 arbalest (flame)
Press: ? - help, Shift-Dir - straight line, f/p - ice devil
Aim: an ice devil (moderately wounded, umbra, 70% to hit)
You shoot a bolt. The bolt closely misses the ice devil.
Your shadow shoots a bolt.
The bolt hits the ice devil but does no damage.
You block the ice devil's attack.
Fire: s) +1 arbalest (flame)
Press: ? - help, Shift-Dir - straight line, f/p - ice devil
Aim: an ice devil (moderately wounded, umbra, 70% to hit)
You shoot a bolt. The bolt barely misses the ice devil.
The ice devil hits you!
* * * LOW HITPOINT WARNING * * *
The ice devil freezes you! You resist.
* * * LOW HITPOINT WARNING * * *
Fire: s) +1 arbalest (flame)
Press: ? - help, Shift-Dir - straight line, f/p - ice devil
Aim: an ice devil (moderately wounded, umbra, 70% to hit)
You shoot a bolt. The bolt closely misses the ice devil.
The ice devil hits you!
You die...

#..........#
#.......##..
##.....####.
#......# ##
##....## ###
#...## ##.##
##..## ###
#...## #..##
##.#
#.@..####..#
##...
#.4#...#...#
#..#.
#..##.....##
##..##
##.###...##
#..###
#..######
##..###
##..##
#..###ยง
#...## ##..#
#. ##...##
#..## #.
##...####.##
##.


You could see an ice devil.

Vanquished Creatures
  Harold (D:9)
  Erolcha (D:10)
  2 two-headed ogres
  Pikel (D:5)
  3 kobold demonologists
  A rime drake (D:9)
  3 freezing wraiths (IceCv)
  5 ice devils (IceCv)
  An anaconda simulacrum (IceCv)
  2 polar bears (D:9)
  A hornet (D:7)
  A wraith (D:9)
  A wyvern (D:8)
  A basilisk (D:7)
  Eustachio (D:4)
  10 yaks
  2 death yak simulacra (IceCv)
  Menkaure (D:4)
  A harpy simulacrum (IceCv)
  2 hydra simulacra (IceCv)
  3 acid dragons
  4 water moccasins
  3 black bears
  A sky beast (D:7)
  6 ogres
  5 ice beasts
  2 orc warriors
  4 wolves (D:9)
  5 centaurs
  6 kobold brigands
  3 necrophages
  A bullfrog (D:8)
  A cane toad simulacrum (IceCv)
  3 gnoll sergeants
  3 wights (D:6)
  A scorpion (D:6)
  3 two-headed ogre simulacra
  An elephant simulacrum (IceCv)
  5 killer bees
  8 howler monkeys
  2 hounds
  A jelly (D:5)
  4 orc priests
  2 gnoll boudas
  4 iguanas
  2 orc wizards
  2 spriggan simulacra (D:11)
  3 polar bear simulacra (IceCv)
  A troll simulacrum (IceCv)
  5 wolf simulacra (IceCv)
  Robin (D:2)
  13 gnolls
  7 adders
  A river rat (Sewer)
  5 naga simulacra
  5 white imps
  3 ufetubi
  A worm (D:5)
  A dart slug (D:4)
  21 orcs
  11 endoplasms
  A giant cockroach (D:3)
  12 goblins
  13 hobgoblins
  8 jackals
  15 kobolds
  3 quokkas
  5 ball pythons
  11 bats
  6 frilled lizards
  7 rats
  A spectral orc (D:8)
286 creatures vanquished.

Vanquished Creatures (others)
  A kobold (D:10)
  24 fungi
25 creatures vanquished.

Grand Total: 311 creatures vanquished

Notes
Turn   | Place    | Note
-------+----------+-------------------------------------------
     0 | D:1      | Bnni the Formicid Hexslinger began the quest for the Orb.
     0 | D:1      | Reached XP level 1. HP: 15/15 MP: 2/2
   178 | D:1      | Reached XP level 2. HP: 21/21 MP: 3/3
   429 | D:1      | Found a faded altar of an unknown god.
   432 | D:1      | Noticed a great orb of eyes
   447 | D:1      | Noticed a golden eye
   447 | D:1      | Noticed an eye of devastation
   447 | D:1      | Noticed an eye of devastation
   455 | D:1      | Prayed at the altar of an unknown god.
   455 | D:1      | Became a worshipper of Dithmenos the Shadowed
   455 | D:1      | Reached * piety under Dithmenos
   754 | D:1      | Reached skill level 1 in Fire Magic
   754 | D:1      | Reached XP level 3. HP: 26/26 MP: 4/4
   758 | D:1      | Learned a level 3 spell: Inner Flame
  1516 | D:2      | Reached ** piety under Dithmenos
  1517 | D:2      | Reached XP level 4. HP: 33/33 MP: 6/6
  1721 | D:2      | Noticed Robin
  1728 | D:2      | Killed Robin
  2053 | D:3      | Reached XP level 5. HP: 38/38 MP: 7/7
  2156 | D:3      | Reached skill level 3 in Ranged Weapons
  2686 | D:3      | Found a shimmering altar of Xom.
  2745 | D:3      | Reached XP level 6. HP: 44/44 MP: 8/8
  2754 | D:3      | Reached *** piety under Dithmenos
  2770 | D:3      | Learned a level 4 spell: Cause Fear
  2910 | D:4      | Noticed Menkaure
  3253 | D:4      | Killed Menkaure
  3254 | D:4      | Reached skill level 5 in Hexes
  3370 | D:4      | Reached XP level 7. HP: 43/51 MP: 5/10
  3514 | D:4      | Reached skill level 4 in Ranged Weapons
  3554 | D:4      | Found a snail-covered altar of Cheibriados.
  3607 | D:4      | Found an iron altar of Okawaru.
  3650 | D:4      | Noticed Eustachio
  3746 | D:4      | Killed Eustachio
  3747 | D:4      | Reached skill level 1 in Translocations
  4066 | D:4      | Found a staircase to the Ecumenical Temple.
  4104 | D:4      | Reached XP level 8. HP: 52/58 MP: 9/12
  4409 | D:4      | Learned a level 3 spell: Portal Projectile
  4409 | D:4      | Found a burning altar of Makhleb.
  4409 | D:4      | Noticed an Executioner
  4412 | D:4      | Noticed an orange demon
  4412 | D:4      | Noticed an orange demon
  4451 | D:5      | Entered Level 5 of the Dungeon
  4530 | D:5      | Reached skill level 1 in Shields
  4862 | D:5      | Found a glowing drain.
  4881 | Sewer    | Entered a sewer
  5166 | Sewer    | Found a white marble altar of Elyvilon.
  5331 | D:5      | Reached skill level 5 in Ranged Weapons
  5577 | D:5      | Got Sif Muna's Volume of Hoarfrost
  5631 | D:5      | Noticed Pikel
  5657 | D:5      | Killed Pikel
  5658 | D:5      | Reached XP level 9. HP: 53/65 MP: 4/13
  5771 | D:5      | Reached skill level 6 in Ranged Weapons
  5889 | D:5      | Reached **** piety under Dithmenos
  6031 | D:5      | Reached skill level 5 in Shields
  6589 | D:6      | Reached skill level 5 in Fighting
  6656 | D:6      | Reached skill level 7 in Ranged Weapons
  7194 | D:6      | Reached XP level 10. HP: 76/76 MP: 14/14
  7454 | D:6      | Reached skill level 8 in Ranged Weapons
  7592 | D:7      | Found a glowing silver altar of Zin.
  7802 | D:7      | Reached skill level 1 in Invocations
  8604 | D:7      | Identified the amulet "Gavyiverphib" {Reflect Rampage rCorr
                  | Int+2 SH+5}
  8614 | D:7      | Reached skill level 9 in Ranged Weapons
  8916 | D:8      | Found a stormy altar of Qazlal.
  9093 | D:8      | Noticed a two-headed ogre
  9117 | D:8      | Killed a two-headed ogre
  9175 | D:8      | Found an ancient bone altar of Kikubaaqudgha.
  9175 | D:8      | Found a hazy altar of Hepliaklqana.
  9177 | D:8      | Found a sacrificial altar of Ru.
  9282 | D:8      | Reached XP level 11. HP: 53/84 MP: 4/15
  9399 | D:8      | Found a basalt altar of Yredelemnul.
  9776 | D:8      | Found an ornate altar of the Wu Jian Council.
  9778 | D:8      | Found a bloodstained altar of Trog.
  9824 | D:9      | Found a blossoming altar of Fedhas.
 10306 | D:9      | Reached skill level 10 in Ranged Weapons
 10388 | D:9      | Reached skill level 5 in Invocations
 10401 | D:9      | Reached ***** piety under Dithmenos
 10587 | D:9      | Found a staircase to the Lair.
 10737 | D:9      | Noticed a sun demon
 10896 | D:9      | Noticed Harold
 10906 | D:9      | Killed Harold
 10907 | D:9      | Reached skill level 10 in Hexes
 11212 | D:10     | Entered Level 10 of the Dungeon
 11833 | D:10     | Found a shadowy altar of Dithmenos.
 11973 | D:10     | Noticed Erolcha
 11977 | D:10     | Killed Erolcha
 11977 | D:10     | Noticed a two-headed ogre
 11993 | D:10     | Killed a two-headed ogre
 11994 | D:10     | Reached XP level 12. HP: 35/94 MP: 3/16
 12247 | D:10     | Reached skill level 11 in Ranged Weapons
 12452 | D:10     | Noticed a sixfirhy
 12767 | D:11     | Found a frozen archway.
 12865 | IceCv    | Entered an ice cave
 13139 | IceCv    | Found an ancient bone altar of Kikubaaqudgha.
 13346 | IceCv    | Slain by an ice devil

Illustrated notes

Levels and vault maps discovered:
D:1:      dpeg_arrival_pits, layout_basic,
          hellmonk_ecumenical_altar_watching_god, serial_co_window_serial,
          co_window_paths_a, co_window_paths_b, co_window_corner_a,
          co_window_paths_a, co_window_of_opportunity_a,
          co_window_of_opportunity_b, co_window_2corner, co_window_2corner,
          co_window_cross_2, co_window_of_opportunity_c, co_window_corner_ca,
          co_window_unsneaky_path_d, glass_columns_a, glass_columns_a,
          minmay_misc_feat_roman
D:2:      layout_loops_ring, uniq_robin
D:3:      layout_loops_cross, mainiacjoe_overflow_paths,
          kennysheep_generic_room_3
D:4:      layout_loops_ring, marbit_many_paths, okawaru_metal_pillars_1_2,
          makhleb_altar_promises_db, minmay_temple_entry_fiery, uniq_menkaure,
          uniq_eustachio
D:5:      layout_basic, serial_aquarium, aquarium_bridge_square
          [aquarium_subvault_window, aquarium_subvault_bridge,
          aquarium_subvault_bridge, aquarium_subvault_bridge],
          aquarium_bridge_straight [aquarium_subvault_bridge,
          aquarium_subvault_wall, aquarium_subvault_bridge,
          aquarium_subvault_wall], aquarium_window_corridor_3,
          aquarium_window_fake, aquarium_window_fake, aquarium_view_2b,
          cheibrodos_sewer_entry_bend, uniq_pikel
D:6:      layout_basic
D:7:      minmay_bubble_buster, layout_basic, old_standard_altar
D:8:      layout_loops_corners, yredelemnul_forgotten_temple_becter,
          lemuel_tele_altar, minitemple
D:9:      layout_stronghold, fedhas_altar_3, hellmonk_lair_entry_icy,
          hangedman_abyss_or_decor_lesser_grid, uniq_harold
D:10:     layout_layer_cave, mainiacjoe_overflow_cross_hatched, glass_columns_a,
          uniq_erolcha
D:11:     layout_basic, hiddenorc2_lemuel, portal_ice_cave_entry_ice_simulacra,
          nicolae_uskayaw_dance_hall
IceCv:    ice_cave_small_necro

Skill      XL: |  1  2  3  4  5  6  7  8  9 10 11 12 |
---------------+-------------------------------------+-----
Hexes          | 4 5 6 8 9 10 | 10.8
Fire Magic     | 1 2 3 |  3.0
Fighting       | 2 3 4 5 7 8 |  8.9
Ranged Weapons | 3 4 5 7 9 10 11 | 11.6
Spellcasting   | 2 3 |  3.0
Translocations | 1 3 |  3.0
Shields        | 3 5 8 9 |  9.6
Invocations    | 4 6 |  6.9
Dodging        | |  1.7

Action                   |  1- 3 |  4- 6 |  7- 9 | 10-12 || total
-------------------------+-------+-------+-------+-------++-------
 Fire: Sling             |   111 |   202 |   193 |       ||   506
       Shortbow          |       |       |   162 |   201 ||   363
       Arbalest          |       |       |       |   167 ||   167
Throw: Dart              |       |       |     5 |       ||     5
       Throwing net      |       |       |     1 |     1 ||     2
 Cast: Slow              |     1 |     3 |    30 |    12 ||    46
       Inner Flame       |       |     2 |    13 |    23 ||    38
       Portal Projectile |       |       |     1 |    11 ||    12
       Cause Fear        |       |       |       |     2 ||     2
Invok: Shadow Form       |       |       |       |     1 ||     1
 Abil: Dig               |       |       |     5 |     1 ||     6
  Use: Scroll            |       |     3 |     3 |     2 ||     8
       Potion            |       |       |       |     2 ||     2
Armor: Robe              |    14 |    21 |    35 |    13 ||    83
Dodge: Dodged            |    60 |    97 |   110 |    78 ||   345
Block: Buckler           |       |       |    29 |    49 ||    78
       Kite shield       |       |       |       |    90 ||    90
       Reflection        |       |       |       |    10 ||    10

Table legend: (Time is in decaauts)
 A = Elapsed time spent in this place.
 B = Non-inter-level travel time spent in this place.
 C = Inter-level travel time spent in this place.
 D = Time resting spent in this place.
 E = Time spent auto-exploring this place.
 F = Levels seen in this place.
 G = Mean time per level.
                   A        B        C        D        E       F      G
               +--------+--------+--------+--------+--------+-----+--------+
         Total |  13615 |  13331 |    284 |   2024 |   8717 |  13 | 1047.3 |
       Dungeon |  12748 |  12464 |    284 |   1755 |   8466 |  11 | 1158.9 |
         Sewer |    358 |    358 |      0 |     96 |    175 |   1 |  358.0 |
      Ice Cave |    508 |    508 |      0 |    173 |     75 |   1 |  508.0 |
               +--------+--------+--------+--------+--------+-----+--------+

Top non-repeatable levels by time:
     D:5: 1797 daAuts
    D:10: 1590 daAuts
     D:9: 1415 daAuts
     D:4: 1388 daAuts
     D:7: 1282 daAuts
     D:1: 1226 daAuts
     D:6: 1033 daAuts
     D:3: 999 daAuts
     D:8: 975 daAuts
     D:2: 936 daAuts
   IceCv: 508 daAuts
   Sewer: 358 daAuts
    D:11: 102 daAuts
